 Dungeon Crawl Stone Soup version 0.28-a0-655-g4eb62b627b (webtiles) character file.

Game seed: 969417498233938466

340 lawman0 the Magician (level 6, -15/42 HPs)
             Began as a Demonspawn Hedge Wizard on Oct 13, 2021.
             Demolished by an orc warrior (16 damage)
             ... on level 4 of the Dungeon.
             The game lasted 00:07:32 (4134 turns).

lawman0 the Magician (Demonspawn Hedge Wizard)      Turns: 4134, Time: 00:07:33

Health: -15/42     AC:  4    Str: 10    XL:     6   Next: 30%
Magic:  0/12       EV: 11    Int: 18    God:
Gold:   85         SH:  0    Dex: 12    Spells: 0/13 levels left

rFire   . . .      SeeInvis .   l - +3 whip (elec)
rCold   . . .      Faith    .   (no shield)
rNeg    . . .      Spirit   +   g - +0 leather armour
rPois   .          Reflect  .   c - +0 hat
rElec   .          Harm     .   b - +0 cloak
rCorr   .          Rampage  .   (no gloves)
Will    .....                   (no boots)
Stlth   ++........              (no amulet)
HPRegen 0.14/turn               (no ring)
MPRegen 0.26/turn               (no ring)

@: no status effects
A: magic shield, magic regeneration, demonic touch 2
a: no special abilities


You were on level 4 of the Dungeon.
You visited 1 branch of the dungeon, and saw 4 of its levels.

You collected 85 gold pieces.

Inventory:

Hand Weapons
 k - a +2 dagger of venom
 l - a +3 whip of electrocution (weapon)
Missiles
 e - 12 poisoned darts (quivered)
Armour
 b - a +0 cloak (worn)
 c - a +0 hat (worn)
 g - a +0 leather armour (worn)
Wands
 o - a wand of flame (5)
Scrolls
 a - 4 scrolls of amnesia
 d - a scroll of identify {unknown}
 f - a scroll of enchant armour {unknown}
 i - a scroll of teleportation {unknown}
 j - 2 scrolls of enchant weapon
 m - a scroll of silence {unknown}
Potions
 h - a potion of flight {unknown}
 n - a potion of magic {unknown}


   Skills:
 + Level 0.3 Fighting
 + Level 1.3 Throwing
 + Level 1.8 Armour
 + Level 2.1 Dodging
 + Level 2.2 Stealth
 + Level 4.4 Spellcasting
 * Level 3.9 Conjurations
 + Level 1.0 Summonings
 * Level 0.1 Necromancy
 + Level 0.8 Translocations


You couldn't memorise any spells.
You knew the following spells:

 Your Spells              Type           Power      Damage    Failure   Level
a - Magic Dart            Conj           72%        1d6       3%          1
b - Call Imp              Summ           7%         N/A       19%         2
c - Blink                 Tloc           N/A        N/A       21%         2
d - Slow                  Hex            3%         N/A       28%         2
e - Mephitic Cloud        Conj/Pois/Air  8%         N/A       32%         3
f - Vampiric Draining     Necr           2%         2d6       47%         3

Your spell library contained the following spells:

 Spells                   Type           Power      Damage    Failure   Level
 Conjure Flame            Conj/Fire      10%        6-21      26%         3
 Confusing Touch          Hex            3%         N/A       50%         3


Dungeon Overview and Level Annotations

Branches:
Dungeon (4/15)
 Temple: D:4-7

Altars:
Hepliaklqana
Zin
Beogh

Annotations:
D:3 3 runed translucent doors, pokeman's ghost, amateur DEWz


Innate Abilities, Weirdness & Mutations

When hurt, damage is shared between your health and your magic reserves.
You regenerate magic rapidly.
Your touch may inflict irresistible damage on your foes.


Message History

The stinking cloud engulfs the orc priest but does no damage.
The orc priest is engulfed in noxious fumes.
The orc priest appears confused.
The orc priest hits the orc warrior but does no damage.
The orc priest hits itself but does no damage.
Unknown command.
Unknown command.
The orc warrior is engulfed in noxious fumes.
The orc warrior appears confused.
The orc priest is engulfed in noxious fumes.
The orc priest appears confused.
The orc warrior hits you with a +1 dire flail of protection!!
The orc priest is engulfed in noxious fumes.
The orc priest appears confused.
The orc priest hits the orc with a +0 dagger.
The orc shouts!
You barely miss the orc warrior.
You touch the orc warrior.
The orc warrior is moderately wounded.
The orc priest is engulfed in noxious fumes.
The orc priest appears confused.
The orc priest barely misses the orc.
You hit the orc warrior but do no damage.
The orc warrior is moderately wounded.
The orc priest is engulfed in noxious fumes.
Your magical contamination has completely faded away.
You hit the orc warrior.
You touch the orc warrior.
The orc warrior is heavily wounded.
The orc warrior hits you with a +1 dire flail of protection!!
* * * LOW HITPOINT WARNING * * *
The orc priest closely misses the orc warrior.
The orc priest hits itself but does no damage.
You hear an angry hiss.
You hit the orc warrior.
You touch the orc warrior.
The orc warrior is severely wounded.
The orc warrior hits you with a +1 dire flail of protection.
* * * LOW HITPOINT WARNING * * *
You hit the orc warrior but do no damage.
You touch the orc warrior.
The orc warrior is severely wounded.
The orc warrior hits you with a +1 dire flail of protection!
You die...

#..w.o..###....
...oo..........
#o# ###.# #ow.#
#o### #o# # .#
#o# #. . #@# #.
##. #.# #..#..
#.# #..#.####
#.# ......# #.#
# #†##.#
#.#######
###.#.<#.#
#.......#
#......#.#####
#######.#
#............#.#
#.#


You could see an orc warrior (confused), a worm, an orc priest (confused) and 2
orcs.

Vanquished Creatures
  Grinder (D:3)
  A water moccasin skeleton (D:3)
  5 dart slugs
  3 worms
  2 orcs (D:3)
  8 ball pythons
  9 endoplasms
  5 giant cockroaches
  5 goblins
  6 hobgoblins
  7 jackals
  2 quokkas
  5 bats
  2 frilled lizards
  9 kobolds
  3 rats
73 creatures vanquished.

Notes
Turn   | Place    | Note
-------+----------+-------------------------------------------
     0 | D:1      | lawman0 the Demonspawn Hedge Wizard began the quest for the
                  | Orb.
     0 | D:1      | Reached XP level 1. HP: 13/13 MP: 4/4
   469 | D:1      | Gained mutation: You regenerate magic rapidly. [demonic
                  | ancestry]
   469 | D:1      | Reached XP level 2. HP: 19/19 MP: 1/6
   469 | D:1      | sick
  1049 | D:1      | Learned a level 2 spell: Call Imp
  1052 | D:1      | Learned a level 2 spell: Blink
  1055 | D:1      | Learned a level 2 spell: Slow
  1357 | D:1      | Reached XP level 3. HP: 23/24 MP: 0/8
  2512 | D:2      | Gained mutation: When hurt, damage is shared between your
                  | health and your magic reserves. [demonic ancestry]
  2512 | D:2      | Reached XP level 4. HP: 30/30 MP: 5/9
  2516 | D:2      | Learned a level 3 spell: Mephitic Cloud
  2573 | D:2      | Found a faded altar of an unknown god.
  2799 | D:3      | Found a runed translucent gate.
  2800 | D:3      | Found a runed translucent gate.
  2800 | D:3      | Noticed pokeman's ghost (amateur DEWz)
  2801 | D:3      | Found a runed translucent gate.
  2880 | D:3      | Noticed Grinder
  2886 | D:3      | Paralysed by Grinder for 3 turns
  2891 | D:3      | Killed Grinder
  2892 | D:3      | Reached skill level 1 in Throwing
  2892 | D:3      | Reached skill level 1 in Armour
  2892 | D:3      | Reached skill level 4 in Spellcasting
  2892 | D:3      | Discovered your monstrous ancestry.
  2892 | D:3      | Gained mutation: Your touch may inflict minor irresistible
                  | damage on your foes. [demonic ancestry]
  2892 | D:3      | Reached XP level 5. HP: 10/35 MP: 2/11
  3330 | D:3      | Gained mutation: Your touch may inflict irresistible damage
                  | on your foes. [demonic ancestry]
  3330 | D:3      | Reached XP level 6. HP: 41/41 MP: 9/12
  3515 | D:3      | Found a hazy altar of Hepliaklqana.
  3605 | D:3      | Learned a level 3 spell: Vampiric Draining
  4116 | D:4      | Noticed an orc warrior
  4133 | D:4      | HP: 1/42 [orc warrior (5)]
  4134 | D:4      | Demolished by an orc warrior

Illustrated notes

###....#.#
#..........
........#
#..........
###.#.†.#
#.#########
#.....# #.#
#.##....# #.#
.......# #.#
#######...####.#
...............#
######@#.######
#.#.# #.#.#
#.#.# #)#.#
#.#.. #.### #.#


Turn 469 on D:1: sick

Levels and vault maps discovered:
D:1:      dpeg_arrival_rooms_with_view, layout_basic
D:2:      layout_rooms, hellmonk_ecumenical_altar_inner_sanctum, minmay_cut_off
D:3:      layout_basic, marbit_many_paths, zin_statuary,
          biasface_ghost_orc_armoury, chequers_serial_rivers_micro_e,
          minmay_misc_feat_nine_boxes, uniq_grinder
D:4:      layout_basic, nicolae_ashenzari_skybound,
          minmay_temple_entry_offerings

Skill      XL: |  1  2  3  4 |
---------------+-------------+-----
Stealth        | 2 |  2.2
Conjurations   | 2 3 |  3.9
Dodging        | 2 |  2.1
Throwing       | 1 |  1.3
Armour         | 1 |  1.8
Spellcasting   | 4 |  4.4
Fighting       | |  0.3
Summonings     | |  1.0
Necromancy     | |  0.1
Translocations | |  0.8

Action                   |  1- 3 |  4- 6 || total
-------------------------+-------+-------++-------
Melee: Dagger            |     9 |       ||     9
       Rapier            |    18 |       ||    18
       Whip              |       |    25 ||    25
       Touch             |       |     8 ||     8
Throw: Dart              |    19 |       ||    19
 Cast: Magic Dart        |   134 |    43 ||   177
       Mephitic Cloud    |       |     1 ||     1
  Use: Scroll            |     1 |     1 ||     2
 Stab: Sleeping          |       |     1 ||     1
Armor: Robe              |     7 |       ||     7
       Leather armour    |    11 |     4 ||    15
Dodge: Dodged            |    49 |     9 ||    58

Table legend: (Time is in decaauts)
 A = Elapsed time spent in this place.
 B = Non-inter-level travel time spent in this place.
 C = Inter-level travel time spent in this place.
 D = Time resting spent in this place.
 E = Time spent auto-exploring this place.
 F = Levels seen in this place.
 G = Mean time per level.
                   A        B        C        D        E       F      G
               +--------+--------+--------+--------+--------+-----+--------+
         Total |   4137 |   4061 |     76 |    874 |   2614 |   4 | 1034.2 |
       Dungeon |   4137 |   4061 |     76 |    874 |   2614 |   4 | 1034.2 |
               +--------+--------+--------+--------+--------+-----+--------+

Top non-repeatable levels by time:
     D:1: 1757 daAuts
     D:3: 1337 daAuts
     D:2: 955 daAuts
     D:4: 86 daAuts
